AoeStats
← [KoFu] Might_lloll

African Clearing

504473834Analyzed
4v4 RM · 28d ago on Sep 5, 2026· 32m 39s· 8 players
Game mode
Random Map
Map size
Large (8 player)
Population
200
Speed
Normal
Resources
Standard
Victory
Conquest
Starting age
Dark Age
Ending age
Imperial Age
RankedLock teamsTeams togetherTeam positionsShared explorationLock speedFull tech treeHidden civsTurbo modeCheats
Victory
Defeat
🇹🇷 Muisca · Türkiye
1708
+9
🇹🇷 Italians · Türkiye
1689
+10
🇹🇷 Vietnamese · Türkiye
1647
+12
🇹🇷 Huns · Türkiye
1646
+12
🇧🇷 Berbers · Brazil
1660
-14
🇭🇰 Koreans · Hong Kong SAR China
1605
-13
🇸🇪 Spanish · Sweden
1481
-8
🇧🇷 Mongols · Brazil
1467
-12
大庆Song
5:07 Loom
14:12 Feudal Age
21:02 Castle Age
20:13 Fishing Lines
20:59 Double-Bit Axe
24:38 Wheelbarrow
26:55 Gillnets
27:53 Fletching
28:38 Bodkin Arrow
JimeneZ
11:37 Loom
13:31 Feudal Age
18:07 Castle Age
16:06 Double-Bit Axe
19:13 Gold Mining
19:50 Fletching
20:01 Padded Archer Armor
20:24 Bow Saw
21:33 Leather Archer Armor
25:38 Horse Collar
[KoFu] Might_lloll
5:54 Loom
12:57 Feudal Age
16:47 Castle Age
17:09 Fletching
17:32 Double-Bit Axe
25:06 Bodkin Arrow
El Procurador
8:27 Loom
11:16 Feudal Age
11:54 Double-Bit Axe
12:38 Fletching
17:46 Wheelbarrow
18:24 Horse Collar
19:45 Town Watch
USTA
12:28 Loom
14:48 Feudal Age
19:06 Castle Age
18:14 Fletching
18:36 Town Watch
28:35 Bodkin Arrow
alican43
11:10 Loom
13:03 Feudal Age
13:34 Man-at-Arms
16:18 Fletching
23:54 Castle Age
22:19 Horse Collar
22:48 Double-Bit Axe
24:01 Crossbowman
33:51 Wheelbarrow
Raptiye Rap Rap
12:08 Feudal Age
16:27 Castle Age
15:06 Fletching
16:24 Loom
21:11 Double-Bit Axe
22:33 Ballistics
23:58 Horse Collar
26:31 Bodkin Arrow
31:38 Padded Archer Armor
Sekov
5:59 Loom
11:46 Feudal Age
12:11 Double-Bit Axe
12:30 Gold Mining
15:03 Fletching
16:53 Horse Collar
21:30 Castle Age
20:18 Padded Archer Armor
22:45 Wheelbarrow
22:08 Bodkin Arrow
22:21 Crossbowman
28:46 Heavy Plow
29:05 Bow Saw
30:28 Coinage
Connection lost

Rejoining the realm…

Still unreachable

The connection could not be restored.

Session expired

The server has moved on; the page needs a fresh start.